[Event "ICC tourney 2248 (120 10)"]
[Site "Internet Chess Club"]
[Date "2020.12.27"]
[Round "4"]
[White "sbendre"]
[Black "jgregora"]
[Result "1-0"]
[ICCResult "Black resigns"]
[WhiteElo "1525"]
[BlackElo "1686"]
[Opening "Petrov: French attack"]
[ECO "C42"]
[NIC "RG.03"]
[Time "17:17:51"]
[PlyCount "103"]
[TimeControl "7200+10"]

1. e4 e5 2. Nf3 Nf6 3. Nxe5 d6 4. Nf3 Nxe4 5. d3 Nf6 6. Nc3 d5 7. d4 Be7 8.
Bf4 c6 9. Bd3 O-O 10. O-O Nbd7 11. Re1 Re8 12. Ne2 Bf8 13. Ng3 Rxe1+ 14.
Qxe1 g6 15. Qd2 Bg7 16. Re1 c5 17. c3 b6 18. Bg5 Bb7 19. Ne5 Qf8 20. Nxd7
Nxd7 21. Re7 f6 22. Rxd7 Bc8 23. Rxd5 fxg5 24. Bc4 Be6 25. dxc5 Bxd5 26.
Bxd5+ Kh8 27. Bxa8 Qxa8 28. Qxg5 bxc5 29. Qxc5 h6 30. h3 Qb8 31. b3 Qb7 32.
c4 a6 33. Qd5 Qb6 34. Ne4 Qb4 35. Qd8+ Bf8 36. Qd2 Qe7 37. Nc3 Bg7 38. Nd5
Qa3 39. Nc7 g5 40. Ne6 Bf6 41. Nd4 Qd6 42. Nf3 Qa3 43. Qc2 Kg7 44. c5 Qa5
45. c6 Qc7 46. Qc4 a5 47. Nd4 Qe5 48. Nf3 Qc7 49. Qd5 Bd8 50. Kf1 Kf6 51.
Nd4 Qf4 52. Qxd8+ { Black resigns } 1-0

[Event "ICC tourney 2248 (120 10)"]
[Site "Internet Chess Club"]
[Date "2020.12.27"]
[Round "4"]
[White "chesslin"]
[Black "gullom89"]
[Result "1-0"]
[ICCResult "Black resigns"]
[WhiteElo "1804"]
[BlackElo "1707"]
[Opening "Queen's pawn, Mason variation, Steinitz counter-gambit"]
[ECO "D00"]
[NIC "QP.08"]
[Time "17:18:11"]
[PlyCount "27"]
[TimeControl "7200+10"]

1. d4 d5 2. Bf4 c5 3. e3 Nc6 4. Nf3 Bf5 5. Nbd2 e6 6. c3 Qb6 7. e4 dxe4 8.
Nc4 Qd8 9. Nfe5 Nxe5 10. Nxe5 a6 11. Qa4+ Ke7 12. dxc5 f6 13. Rd1 Qe8 14.
Rd7+ { Black resigns } 1-0

[Event "ICC tourney 2248 (120 10)"]
[Site "Internet Chess Club"]
[Date "2020.12.27"]
[Round "4"]
[White "salamenceg"]
[Black "AngelaIL203"]
[Result "0-1"]
[ICCResult "White resigns"]
[WhiteElo "1080"]
[BlackElo "1193"]
[Opening "Ruy Lopez: old Steinitz defense"]
[ECO "C62"]
[NIC "RL.02"]
[Time "17:18:30"]
[PlyCount "120"]
[TimeControl "7200+10"]

1. e4 e5 2. Nf3 Nc6 3. Bb5 d6 4. d4 Bd7 5. dxe5 Nxe5 6. Nxe5 dxe5 7. Bg5 f6
8. Bxd7+ Qxd7 9. Bd2 Bd6 10. O-O Ne7 11. Nc3 O-O 12. Be3 c6 13. Qe2 Ng6 14.
g3 Qe7 15. Qc4+ Qf7 16. Qxf7+ Rxf7 17. Rad1 Bb4 18. Na4 b5 19. Nc3 Bxc3 20.
bxc3 f5 21. exf5 Rxf5 22. Rd6 Rf6 23. Rd7 a5 24. Bg5 Rf5 25. Be3 e4 26. Bd4
Ne5 27. Re7 Nf3+ 28. Kh1 c5 29. Bxg7 Rf7 30. Rxf7 Kxf7 31. Bh6 Rd8 32. Be3
a4 33. Rb1 h5 34. Rxb5 Rd1+ 35. Kg2 h4 36. gxh4 Rg1+ 37. Kh3 Rg8 38. Rb7+
Ke6 39. Rb6+ Kd5 40. Bg5 Nxg5+ 41. hxg5 Rxg5 42. Kh4 Rg2 43. Ra6 Rxf2 44.
Rxa4 Rxc2 45. Kg3 Rxc3+ 46. Kf4 Rf3+ 47. Kg4 Rd3 48. Kf4 Rd4 49. Ra3 Rd3
50. Rxd3+ exd3 51. Ke3 c4 52. Kd2 Ke4 53. a4 c3+ 54. Ke1 Ke3 55. Kd1 c2+
56. Kc1 Ke2 57. a5 d2+ 58. Kxc2 d1=Q+ 59. Kc3 Qa4 60. h4 Qxa5+ { White
resigns } 0-1

[Event "ICC tourney 2248 (120 10)"]
[Site "Internet Chess Club"]
[Date "2020.12.27"]
[Round "4"]
[White "evg1234567"]
[Black "orwind"]
[Result "0-1"]
[ICCResult "White checkmated"]
[WhiteElo "1716"]
[BlackElo "1620"]
[Opening "Benkö gambit accepted"]
[ECO "A58"]
[NIC "BI.45"]
[Time "17:17:39"]
[PlyCount "138"]
[TimeControl "7200+10"]

1. d4 Nf6 2. c4 c5 3. d5 b5 4. cxb5 a6 5. bxa6 e6 6. dxe6 fxe6 7. e3 d5 8.
Nf3 Bd6 9. Nc3 O-O 10. Bd3 Bxa6 11. O-O Nc6 12. Bxa6 Rxa6 13. b3 Bb8 14.
Bb2 e5 15. Qe2 Ra8 16. Rfd1 Ne7 17. Na4 e4 18. Ne1 Qd6 19. g3 Nd7 20. Nc3
Qe6 21. Kg2 Ne5 22. Nb1 Ng4 23. f4 exf3+ 24. Nxf3 Nxe3+ 25. Kg1 Rxf3 26.
Qxf3 Nxd1 27. Qxd1 Qe3+ 28. Kg2 Be5 29. Bxe5 Qxe5 30. Nd2 Nf5 31. Kh1 Re8
32. Nf1 d4 33. a4 Ne3 34. Nxe3 dxe3 35. Qg1 Qd5+ 36. Qg2 Qd2 37. Qc6 Rd8
38. Qe6+ Kh8 39. Rg1 e2 40. Qe7 h6 41. Qe6 Qd5+ 42. Qxd5 Rxd5 43. Kg2 Rd1
44. Kf2 Rxg1 45. Kxe2 Rb1 46. Kd3 Rxb3+ 47. Kc4 Ra3 48. Kb5 c4 49. Kxc4
Rxa4+ 50. Kd3 Ra2 51. h4 Ra3+ 52. Ke4 Rxg3 53. Kf4 Rg1 54. Kf5 g5 55. hxg5
Rxg5+ 56. Kf6 Rg8 57. Kf5 h5 58. Kf6 h4 59. Kf7 h3 60. Kf6 h2 61. Kf7 h1=Q
62. Kf6 Qf1+ 63. Ke6 Re8+ 64. Kd7 Re2 65. Kc6 Qd1 66. Kb5 Rb2+ 67. Kc4 Rc2+
68. Kb3 Qb1+ 69. Ka3 Ra2# { White checkmated } 0-1

[Event "ICC tourney 2248 (120 10)"]
[Site "Internet Chess Club"]
[Date "2020.12.27"]
[Round "4"]
[White "ybabji"]
[Black "kdbel"]
[Result "1/2-1/2"]
[ICCResult "Game drawn by mutual agreement"]
[WhiteElo "1854"]
[BlackElo "1892"]
[Opening "French: exchange variation"]
[ECO "C01"]
[NIC "FR.01"]
[Time "17:18:03"]
[PlyCount "39"]
[TimeControl "7200+10"]

1. e4 e6 2. d4 d5 3. exd5 exd5 4. Nc3 Bb4 5. Bd3 Nf6 6. Be3 O-O 7. Ne2 Re8
8. O-O Bg4 9. Re1 c6 10. h3 Bh5 11. Rb1 Nbd7 12. Qd2 Bg6 13. Ng3 Nf8 14.
Bf4 Qd7 15. a3 Bd6 16. Bxd6 Qxd6 17. Bf5 Nh5 18. Bxg6 Qxg6 19. Nxh5 Qxh5
20. Ne2 { Game drawn by mutual agreement } 1/2-1/2

[Event "ICC tourney 2248 (120 10)"]
[Site "Internet Chess Club"]
[Date "2020.12.27"]
[Round "4"]
[White "ToughTurtle"]
[Black "Han366"]
[Result "0-1"]
[ICCResult "White resigns"]
[WhiteElo "1476"]
[BlackElo "1700"]
[Opening "French: exchange variation"]
[ECO "C01"]
[NIC "FR.01"]
[Time "17:18:01"]
[PlyCount "95"]
[TimeControl "7200+10"]

1. e4 e6 2. d4 d5 3. exd5 exd5 4. Bd3 Nf6 5. h3 Bd6 6. Qf3 c6 7. Ne2 Nbd7
8. O-O Qc7 9. Re1 O-O 10. Nf4 Re8 11. Rxe8+ Nxe8 12. Nc3 Nef6 13. Bd2 Nf8
14. Re1 Bd7 15. Nce2 Re8 16. Ng3 Rxe1+ 17. Bxe1 Bxf4 18. Nf5 Bxf5 19. Bxf5
Ng6 20. g3 Bc1 21. b3 Qe7 22. Bc3 Ne4 23. Bxe4 Qxe4 24. Qxe4 dxe4 25. Kf1
f5 26. Ke2 Kf7 27. a4 Ke6 28. Bb4 Kd5 29. c3 Bg5 30. h4 Be7 31. Bxe7 Nxe7
32. Ke3 g6 33. c4+ Ke6 34. b4 Nc8 35. Kf4 Nb6 36. Kg5 Kf7 37. Kh6 Kg8 38.
a5 Nxc4 39. Kg5 Kg7 40. Kf4 Kf6 41. g4 Na3 42. g5+ Ke6 43. f3 exf3 44. Kxf3
Nc2 45. Kf4 Nxd4 46. Kg3 Nc2 47. h5 Nxb4 48. Kf4 { White resigns } 0-1

[Event "ICC tourney 2248 (120 10)"]
[Site "Internet Chess Club"]
[Date "2020.12.27"]
[Round "4"]
[White "charismaticl33"]
[Black "vedantpmargale"]
[Result "1/2-1/2"]
[ICCResult "Game drawn by mutual agreement"]
[WhiteElo "1603"]
[BlackElo "1493"]
[Opening "Sicilian: Najdorf, Lipnitzky attack"]
[ECO "B86"]
[NIC "SI.13"]
[Time "17:17:55"]
[PlyCount "81"]
[TimeControl "7200+10"]

1. e4 c5 2. Nf3 d6 3. d4 cxd4 4. Nxd4 Nf6 5. Nc3 a6 6. Bc4 e6 7. Bb3 Be7 8.
Bg5 O-O 9. Qf3 Nbd7 10. Bxe6 Ne5 11. Qh3 fxe6 12. f4 Nf7 13. Bxf6 Bxf6 14.
Nxe6 Bxc3+ 15. bxc3 Qf6 16. f5 Bxe6 17. fxe6 Ng5 18. Qd3 Qxe6 19. O-O-O
Qxa2 20. c4 Nf7 21. Rhf1 Qa5 22. Rf5 Qc7 23. h4 Rac8 24. c5 dxc5 25. Qd7
Qxd7 26. Rxd7 Nh6 27. Rxf8+ Kxf8 28. Rxb7 Rc6 29. Rb8+ Kf7 30. Rb7+ Kg6 31.
h5+ Kxh5 32. Rxg7 Rg6 33. Rxh7 Rxg2 34. Kb2 Rg5 35. Kc3 Kg6 36. Rc7 Ng4 37.
Kc4 Ne3+ 38. Kd3 Ng4 39. Kc4 Ne3+ 40. Kd3 Nd1 41. Kc4 { Game drawn by
mutual agreement } 1/2-1/2

[Event "ICC tourney 2248 (120 10)"]
[Site "Internet Chess Club"]
[Date "2020.12.27"]
[Round "4"]
[White "local0928"]
[Black "Knightboy123"]
[Result "0-1"]
[ICCResult "White resigns"]
[WhiteElo "1785"]
[BlackElo "1661"]
[Opening "Sicilian: Najdorf"]
[ECO "B90"]
[NIC "SI.14"]
[Time "17:18:12"]
[PlyCount "78"]
[TimeControl "7200+10"]

1. e4 c5 2. Nf3 d6 3. d4 cxd4 4. Nxd4 Nf6 5. Nc3 a6 6. f3 e5 7. Nb3 Be6 8.
Be3 Nbd7 9. Qd2 Be7 10. g4 b5 11. O-O-O O-O 12. h4 b4 13. Na4 d5 14. g5 d4
15. gxf6 dxe3 16. Qxe3 Bxf6 17. Kb1 Qe7 18. Bd3 Kh8 19. h5 Bg5 20. Qf2 Bh6
21. Rhg1 Rfd8 22. Na5 Rdc8 23. b3 Qd8 24. Nc4 Bxc4 25. Bxc4 Qe7 26. Qg3 Rg8
27. Qg2 Rgf8 28. Rd3 Nc5 29. Nxc5 Qxc5 30. Rgd1 f6 31. Qh3 Qe7 32. Rd7 Rfd8
33. Kb2 Rxd7 34. Rxd7 Qc5 35. Rd3 Qg1 36. f4 Bxf4 37. a4 Qc1+ 38. Ka2 Qxc2+
39. Ka1 Bc1 { White resigns } 0-1

[Event "ICC tourney 2248 (120 10)"]
[Site "Internet Chess Club"]
[Date "2020.12.27"]
[Round "4"]
[White "JensenUVA"]
[Black "garynanoman"]
[Result "0-1"]
[ICCResult "White resigns"]
[WhiteElo "1516"]
[BlackElo "1850"]
[Opening "Catalan: closed, main line"]
[ECO "E09"]
[NIC "CA.01"]
[Time "17:17:55"]
[PlyCount "106"]
[TimeControl "7200+10"]

1. d4 Nf6 2. c4 e6 3. g3 d5 4. Bg2 c6 5. Nf3 Nbd7 6. O-O Be7 7. Qc2 O-O 8.
Nbd2 b6 9. e4 Bb7 10. e5 Ne8 11. cxd5 cxd5 12. Re1 Rc8 13. Qd3 Nb8 14. Nf1
Ba6 15. Qd1 Bb4 16. Bd2 Nc6 17. a3 Bxd2 18. Qxd2 Na5 19. Ne3 Nb3 20. Qd1
Nxa1 21. Qxa1 Bd3 22. Bf1 Bxf1 23. Nxf1 Qd7 24. Qb1 h6 25. g4 Qa4 26. Ne3
g6 27. h4 Ng7 28. b3 Qxa3 29. Ng2 Rc3 30. Nd2 Rfc8 31. h5 Rc1 32. Qd3 Rxe1+
33. Nxe1 Qc1 34. Nf3 Rc3 35. Qe2 Rxf3 36. Qxf3 Qxe1+ 37. Kg2 Qe4 38. Qxe4
dxe4 39. hxg6 fxg6 40. Kg3 g5 41. f4 exf3 42. Kxf3 a5 43. Ke4 b5 44. d5
exd5+ 45. Kxd5 a4 46. bxa4 bxa4 47. Kc4 h5 48. gxh5 Nxh5 49. Kb4 g4 50.
Kxa4 g3 51. e6 g2 52. e7 Kf7 53. e8=Q+ Kxe8 { White resigns } 0-1

[Event "ICC tourney 2248 (120 10)"]
[Site "Internet Chess Club"]
[Date "2020.12.27"]
[Round "4"]
[White "FantasyHockeyEx"]
[Black "chessmaster0981"]
[Result "1/2-1/2"]
[ICCResult "Game drawn by repetition"]
[WhiteElo "1794"]
[BlackElo "1557"]
[Opening "Queen's bishop game"]
[ECO "A45"]
[NIC "QP.07"]
[Time "17:18:16"]
[PlyCount "90"]
[TimeControl "7200+10"]

1. d4 Nf6 2. Bf4 d5 3. Nf3 c5 4. c3 Nc6 5. e3 Qb6 6. Qc2 Bf5 7. Qc1 e6 8.
Nbd2 Be7 9. Nh4 Bg6 10. Nxg6 hxg6 11. h3 cxd4 12. exd4 Rc8 13. Nf3 Ne4 14.
Be2 Bf6 15. Be3 Na5 16. Nd2 Nxd2 17. Qxd2 Nc4 18. Bxc4 Rxc4 19. O-O O-O 20.
Rac1 Rfc8 21. b3 R4c7 22. Rc2 Be7 23. Qd3 Qa5 24. Bd2 Qa3 25. Rfc1 a6 26.
c4 dxc4 27. Rxc4 Qd6 28. g3 Bf6 29. Bf4 Rxc4 30. Rxc4 Qd7 31. Rxc8+ Qxc8
32. d5 Qd7 33. d6 Kf8 34. Be3 Ke8 35. Bb6 Qc6 36. Bc7 Kd7 37. f4 Qc1+ 38.
Kg2 Qb2+ 39. Kf3 Qd4 40. Qe4 Qd1+ 41. Kg2 Qd2+ 42. Kf3 Qd1+ 43. Kg2 Qd2+
44. Kf3 Qd1+ 45. Kg2 Qd2+ { Game drawn by repetition } 1/2-1/2

[Event "ICC tourney 2248 (120 10)"]
[Site "Internet Chess Club"]
[Date "2020.12.27"]
[Round "4"]
[White "yogokings12"]
[Black "rachael1120"]
[Result "1/2-1/2"]
[ICCResult "Game drawn because neither player has mating material"]
[WhiteElo "1575"]
[BlackElo "1678"]
[Opening "Sicilian: Nimzovich-Rossolimo attack (with ...g6, without ...d6)"]
[ECO "B31"]
[NIC "SI.31"]
[Time "17:17:57"]
[PlyCount "111"]
[TimeControl "7200+10"]

1. e4 c5 2. Nf3 Nc6 3. Bb5 g6 4. Bxc6 bxc6 5. O-O Bg7 6. c3 d5 7. e5 Bg4 8.
d4 cxd4 9. cxd4 Qb6 10. Nbd2 e6 11. h3 Bxf3 12. Nxf3 Ne7 13. b3 O-O 14. Ba3
Rfe8 15. Bc5 Qb7 16. Qc2 Rac8 17. Nh2 Kh8 18. Ng4 Ng8 19. Rad1 f6 20. exf6
Nxf6 21. Nxf6 Bxf6 22. f4 Be7 23. Rfe1 Bxc5 24. Qxc5 Qe7 25. Qxe7 Rxe7 26.
Rc1 Kg7 27. Re5 Kf6 28. Rc5 Rb7 29. g4 Rb4 30. Ra5 Rc7 31. Ra4 Rxa4 32.
bxa4 c5 33. dxc5 Rxc5 34. g5+ Ke7 35. Re3 d4 36. Rb3 Rd5 37. Kf2 Rd7 38.
Ke2 Kd6 39. Kd3 e5 40. fxe5+ Kxe5 41. Rb5+ Kf4 42. a5 Kg3 43. a6 Rd6 44.
Rb7 Rxa6 45. Rxh7 Rxa2 46. Rh6 Ra5 47. Rxg6 Kxh3 48. Rg8 Kg4 49. g6 Kg5 50.
Kxd4 Kf6 51. Kc4 Rg5 52. Kb4 Rxg6 53. Rxg6+ Kxg6 54. Ka5 Kf6 55. Ka6 Ke5
56. Kxa7 { Game drawn because neither player has mating material } 1/2-1/2

[Event "ICC tourney 2248 (120 10)"]
[Site "Internet Chess Club"]
[Date "2020.12.27"]
[Round "4"]
[White "mutantpenguin"]
[Black "che8642"]
[Result "0-1"]
[ICCResult "White checkmated"]
[WhiteElo "1377"]
[BlackElo "1532"]
[Opening "French: advance, Paulsen attack"]
[ECO "B40"]
[NIC "SI.43"]
[Time "17:17:59"]
[PlyCount "128"]
[TimeControl "7200+10"]

1. e4 c5 2. Nf3 e6 3. c3 d5 4. e5 Nc6 5. d4 Nge7 6. Bd3 Qb6 7. dxc5 Qxc5 8.
Be3 Qa5 9. O-O Ng6 10. Bxg6 hxg6 11. Nbd2 Qc7 12. Re1 Nxe5 13. Nxe5 Qxe5
14. Nf3 Qc7 15. h3 Bd6 16. Bd4 O-O 17. Be5 Bxe5 18. Nxe5 b6 19. Qg4 Bb7 20.
Rad1 Rad8 21. Rd4 b5 22. h4 Qe7 23. h5 g5 24. f4 gxf4 25. Rxf4 f5 26. Qg3
Qc5+ 27. Kh1 Rf6 28. Rh4 Rh6 29. Ng6 Qd6 30. Qg5 Re8 31. Rf4 Bc6 32. Re3 a5
33. Rg3 Bd7 34. Nh8 Rh7 35. Ng6 e5 36. Rh4 f4 37. Rf3 Qf6 38. Qxf6 gxf6 39.
h6 Bf5 40. Nxf4 exf4 41. Rhxf4 Re1+ 42. Kh2 Rxh6+ 43. Kg3 Be4 44. Rxf6 Bxf3
45. Rxh6 Be4 46. Rh4 Re2 47. Rg4+ Kf7 48. Rf4+ Ke6 49. Rf2 Rxf2 50. Kxf2
Kf5 51. Ke3 Bxg2 52. Kd4 Ke6 53. Kc5 Bf1 54. Kb6 a4 55. Kc5 Bc4 56. a3 Ke5
57. Kb4 Ke4 58. Kc5 Kd3 59. Kb4 Kc2 60. b3 axb3 61. a4 bxa4 62. Ka3 b2 63.
Kxa4 b1=Q 64. Ka3 Qb3# { White checkmated } 0-1

[Event "ICC tourney 2248 (120 10)"]
[Site "Internet Chess Club"]
[Date "2020.12.27"]
[Round "4"]
[White "Eagle2020"]
[Black "welmo"]
[Result "1-0"]
[ICCResult "Black checkmated"]
[WhiteElo "1505"]
[BlackElo "1604"]
[Opening "Giuoco Piano: Greco's attack"]
[ECO "C54"]
[NIC "IG.02"]
[Time "17:17:51"]
[PlyCount "133"]
[TimeControl "7200+10"]

1. e4 e5 2. Nf3 Nc6 3. Bc4 Bc5 4. c3 Nf6 5. d4 exd4 6. cxd4 Bb4+ 7. Nc3
Bxc3+ 8. bxc3 d5 9. exd5 Nxd5 10. O-O O-O 11. Bg5 Qd6 12. Qc2 h6 13. Bd2
Nf6 14. Rfe1 Ne7 15. Re5 Ng6 16. Qxg6 Kh8 17. Bxf7 Nh7 18. Qxd6 cxd6 19.
Re7 Nf6 20. Nh4 Kh7 21. Bg6+ Kh8 22. Rae1 Bd7 23. Bd3 Kg8 24. Bc4+ Kh7 25.
Bd3+ Kg8 26. Nf5 Bxf5 27. Bxf5 Rab8 28. Bg6 d5 29. Rc7 Rfc8 30. Ree7 Rxc7
31. Rxc7 Kf8 32. Rf7+ Kg8 33. Bxh6 gxh6 34. Rxf6 Kg7 35. Rd6 a6 36. Bf5 Re8
37. g3 Re1+ 38. Kg2 Re2 39. Rxd5 Rxa2 40. Rd7+ Kf6 41. Be4 Ra3 42. Bxb7
Rxc3 43. Bxa6 Ra3 44. Rh7 Kg6 45. Ra7 Rc3 46. d5 Rc5 47. d6 Rd5 48. d7 Kf6
49. Bb5 Ke7 50. Ra8 Rd6 51. Re8+ Kf7 52. d8=Q Rxd8 53. Rxd8 Ke7 54. Rh8 h5
55. Rh6 h4 56. Kf3 hxg3 57. fxg3 Kf7 58. Kf4 Kg7 59. Re6 Kf7 60. Kf5 Kg7
61. Kg5 Kf7 62. Re5 Kg7 63. Re7+ Kf8 64. Kf6 Kg8 65. Kg6 Kf8 66. Re6 Kg8
67. Re8# { Black checkmated } 1-0

[Event "ICC tourney 2248 (120 10)"]
[Site "Internet Chess Club"]
[Date "2020.12.27"]
[Round "4"]
[White "moneymo"]
[Black "kirikiri007"]
[Result "0-1"]
[ICCResult "White resigns"]
[WhiteElo "1880"]
[BlackElo "1564"]
[Opening "KGA: Fischer defense"]
[ECO "C34"]
[NIC "KG.02"]
[Time "17:18:05"]
[PlyCount "90"]
[TimeControl "7200+10"]

1. e4 e5 2. f4 exf4 3. Nf3 d6 4. d4 g5 5. Bc4 Bg7 6. h4 f6 7. hxg5 fxg5 8.
Nc3 h6 9. Qd3 Ne7 10. Bd2 Nbc6 11. O-O-O Bg4 12. Nd5 Qd7 13. Rde1 a6 14. e5
O-O-O 15. Nf6 Qf5 16. Qb3 Bxf6 17. exf6 Qxf6 18. d5 Ne5 19. Bc3 Bxf3 20.
gxf3 Nf5 21. Bd3 Rde8 22. Qa4 Rhg8 23. Rhg1 Nxd3+ 24. cxd3 Qf7 25. Re4 Ne3
26. Re1 Qd7 27. Qd4 b6 28. a4 a5 29. Qf6 Kb7 30. Qxh6 Rxe4 31. dxe4 Qxa4
32. Qh2 b5 33. Qe2 Rc8 34. Kb1 b4 35. Bf6 b3 36. Kc1 c6 37. Bc3 cxd5 38.
exd5 Nxd5 39. Qd3 Nxc3 40. Re7+ Rc7 41. Rxc7+ Kxc7 42. bxc3 Qa1+ 43. Kd2
Qb2+ 44. Ke1 Qc1+ 45. Kf2 Qc2+ { White resigns } 0-1

[Event "ICC tourney 2248 (120 10)"]
[Site "Internet Chess Club"]
[Date "2020.12.27"]
[Round "4"]
[White "FL2009"]
[Black "Vinny773175"]
[Result "1/2-1/2"]
[ICCResult "Game drawn by repetition"]
[WhiteElo "1857"]
[BlackElo "1782"]
[Opening "Sicilian: Nimzovich-Rossolimo attack (with ...g6, without ...d6)"]
[ECO "B31"]
[NIC "SI.31"]
[Time "17:18:30"]
[PlyCount "85"]
[TimeControl "7200+10"]

1. e4 c5 2. Nf3 Nc6 3. Bb5 g6 4. O-O Bg7 5. c3 Nf6 6. Re1 O-O 7. d4 cxd4 8.
cxd4 d6 9. Nc3 Bg4 10. Be3 a6 11. Be2 b5 12. a3 Rc8 13. h3 Bd7 14. Rc1 h6
15. Bf1 Na5 16. Nd2 e5 17. d5 Nh7 18. b4 Nb7 19. a4 f5 20. axb5 axb5 21.
Bxb5 f4 22. Bb6 Qxb6 23. Bxd7 Rb8 24. Nb5 Nf6 25. Bc6 Ne8 26. Qg4 g5 27.
Qd7 Nf6 28. Qe6+ Kh8 29. Nc4 Qd8 30. Nbxd6 Nxd6 31. Nxd6 Rxb4 32. Nf7+ Rxf7
33. Qxf7 Qb6 34. Rc2 g4 35. hxg4 Rb1 36. Rcc1 Nxg4 37. Rxb1 Qxf2+ 38. Kh1
Qh4+ 39. Kg1 Qf2+ 40. Kh1 Qh4+ 41. Kg1 Qf2+ 42. Kh1 Qh4+ 43. Kg1 { Game
drawn by repetition } 1/2-1/2

[Event "ICC tourney 2248 (120 10)"]
[Site "Internet Chess Club"]
[Date "2020.12.27"]
[Round "4"]
[White "che2468"]
[Black "hi987"]
[Result "0-1"]
[ICCResult "White checkmated"]
[WhiteElo "1464"]
[BlackElo "1612"]
[Opening "Queen's pawn game"]
[ECO "D00"]
[NIC "QP.07"]
[Time "17:17:57"]
[PlyCount "68"]
[TimeControl "7200+10"]

1. d4 Nf6 2. Nc3 d5 3. Bf4 g6 4. Qd2 Bg7 5. Bh6 O-O 6. Bxg7 Kxg7 7. Nf3 c5
8. dxc5 Qa5 9. O-O-O Qxc5 10. Qd4 Qxd4 11. Rxd4 Nc6 12. Rd2 Rd8 13. e3 Bg4
14. Be2 Rac8 15. Rhd1 e6 16. Nd4 Bxe2 17. Ndxe2 Ng4 18. Ng3 Nge5 19. b3 Nb4
20. Kb2 Rd6 21. e4 Rdc6 22. Nge2 dxe4 23. Rd4 Nd5 24. Nxd5 Rxc2+ 25. Kb1
exd5 26. Nc1 Rxf2 27. Rxd5 Nd3 28. Nxd3 exd3 29. R5xd3 Rcc2 30. a4 Rb2+ 31.
Ka1 Ra2+ 32. Kb1 Rfb2+ 33. Kc1 Rxg2 34. Rf1 Ra1# { White checkmated } 0-1

[Event "ICC tourney 2248 (120 10)"]
[Site "Internet Chess Club"]
[Date "2020.12.27"]
[Round "4"]
[White "castle2king"]
[Black "ZAPPAWITS"]
[Result "1-0"]
[ICCResult "Black resigns"]
[WhiteElo "1562"]
[BlackElo "1713"]
[Opening "Caro-Kann: exchange variation"]
[ECO "B13"]
[NIC "CK.02"]
[Time "17:17:42"]
[PlyCount "135"]
[TimeControl "7200+10"]

1. e4 c6 2. d4 d5 3. exd5 cxd5 4. Bd3 Qc7 5. Nc3 a6 6. Nxd5 Qa5+ 7. Nc3 e6
8. Nf3 Bb4 9. Bd2 Nf6 10. a3 Be7 11. O-O Qc7 12. h3 Nbd7 13. Re1 Nb6 14.
Ne4 O-O 15. Nxf6+ Bxf6 16. Qe2 g6 17. Bh6 Rd8 18. c3 Nd7 19. Ng5 Nf8 20.
Ne4 Bg7 21. Bxg7 Kxg7 22. Qf3 Qe7 23. Rad1 b5 24. Nc5 Bd7 25. Qb7 Rdb8 26.
Qf3 Qd6 27. Be4 Ra7 28. b4 f5 29. Bc2 Bc6 30. Qe3 Bd5 31. Qe5+ Qxe5 32.
Rxe5 Nd7 33. Nxe6+ Kf6 34. Rxd5 Kxe6 35. Bb3 Kf6 36. Rd6+ Kg5 37. Re1 Nf8
38. Rd5 Rc8 39. Re3 Kh6 40. a4 bxa4 41. Bxa4 Kg7 42. Kf1 h5 43. f4 Nh7 44.
Rd7+ Rxd7 45. Bxd7 Rd8 46. Ba4 Nf6 47. Re7+ Kh6 48. Re6 Ne4 49. Rc6 Kg7 50.
Bc2 Ng3+ 51. Kf2 h4 52. Rxa6 Re8 53. Bd3 Nh1+ 54. Kf3 Re1 55. b5 Rc1 56.
Rc6 Rd1 57. Ke2 Ra1 58. d5 Ra2+ 59. Ke3 Nf2 60. b6 Nd1+ 61. Kd4 Ra4+ 62.
Ke5 Nf2 63. Bc2 Ra2 64. b7 Rb2 65. Rc7+ Kh6 66. d6 Rxc2 67. b8=Q Nd3+ 68.
Kf6 { Black resigns } 1-0

[Event "ICC tourney 2248 (120 10)"]
[Site "Internet Chess Club"]
[Date "2020.12.27"]
[Round "4"]
[White "kwen2008"]
[Black "Draconian"]
[Result "0-1"]
[ICCResult "White resigns"]
[WhiteElo "1745"]
[BlackElo "1570"]
[Opening "Dutch with c4 & Nc3"]
[ECO "A87"]
[NIC "HD.05"]
[Time "17:18:05"]
[PlyCount "112"]
[TimeControl "7200+10"]

1. d4 f5 2. c4 Nf6 3. Nc3 g6 4. g3 Bg7 5. Bg2 O-O 6. Nf3 d6 7. O-O Qe8 8.
e3 Na6 9. b3 e5 10. dxe5 dxe5 11. Re1 e4 12. Nd4 Qf7 13. Bb2 Rd8 14. Qc1
Nb4 15. Bf1 c5 16. Ndb5 a6 17. Na3 Ng4 18. h3 Ne5 19. Rd1 Be6 20. Be2 Qc7
21. Qb1 Ned3 22. Bxd3 Rxd3 23. Rxd3 Nxd3 24. Qc2 Qa5 25. Nab1 Rd8 26. a3
Nxb2 27. Qxb2 Rd1+ 28. Kg2 Rxb1 29. Rxb1 Qxc3 30. Qxc3 Bxc3 31. Rd1 Be5 32.
h4 Kf7 33. a4 Ke7 34. Kf1 Bc3 35. Rc1 Ba5 36. Ke2 Kd6 37. Kd1 b5 38. axb5
axb5 39. Rc2 h6 40. Kc1 bxc4 41. bxc4 Ke5 42. Kb2 g5 43. hxg5 hxg5 44. Kb3
f4 45. gxf4+ gxf4 46. exf4+ Kxf4 47. Ka4 Be1 48. Re2 Bc3 49. Kb5 Bd4 50.
Rc2 Kf3 51. Kc6 Bxf2 52. Kd6 Bh3 53. Rc3+ Kg2 54. Rc2 e3 55. Re2 Bg4 56.
Rc2 e2 { White resigns } 0-1

[Event "ICC tourney 2248 (120 10)"]
[Site "Internet Chess Club"]
[Date "2020.12.27"]
[Round "4"]
[White "Pugnacious"]
[Black "Abror"]
[Result "0-1"]
[ICCResult "White resigns"]
[WhiteElo "1760"]
[BlackElo "1635"]
[Opening "Queen's pawn"]
[ECO "A40"]
[NIC "QO.17"]
[Time "17:17:53"]
[PlyCount "104"]
[TimeControl "7200+10"]

1. d4 e6 2. e3 d5 3. Bd3 f5 4. Nf3 c6 5. c4 Nf6 6. Nc3 Bd6 7. b3 O-O 8. O-O
Ne4 9. Bb2 Nd7 10. Rc1 Qe7 11. Qe2 Kh8 12. Nd2 Nxc3 13. Bxc3 dxc4 14. Nxc4
Bc7 15. e4 f4 16. f3 e5 17. Rfd1 exd4 18. Bxd4 Ne5 19. Qf2 Nxc4 20. Bxc4
Qg5 21. b4 b6 22. Bd5 Bd7 23. Bxc6 Bxc6 24. Rxc6 Be5 25. Bxe5 Qxe5 26. Qd4
Qb5 27. Rc7 Qg5 28. Qd5 Qf6 29. e5 Qg6 30. e6 Rae8 31. e7 Rg8 32. b5 Qf6
33. Qd7 h6 34. Rxa7 Qb2 35. Rb7 Qc2 36. Rc7 Qxa2 37. h3 Qb3 38. Qd3 Qb4 39.
Qd7 Qb3 40. Re1 Qb4 41. Re4 Qb1+ 42. Kh2 Qb2 43. Rb7 Qf6 44. Qe6 Qg5 45.
Qxb6 Rc8 46. Rc7 Ra8 47. Qf2 Qxb5 48. Qe2 Qg5 49. Qe1 Rge8 50. Rd7 Rab8 51.
Rd6 Rb2 52. Rd2 Qg3+ { White resigns } 0-1

[Event "ICC tourney 2248 (120 10)"]
[Site "Internet Chess Club"]
[Date "2020.12.27"]
[Round "4"]
[White "tricksterssbu"]
[Black "Priccchess"]
[Result "0-1"]
[ICCResult "White resigns"]
[WhiteElo "1692"]
[BlackElo "1806"]
[Opening "Philidor's defense"]
[ECO "C41"]
[NIC "KP.10"]
[Time "17:18:30"]
[PlyCount "70"]
[TimeControl "7200+10"]

1. e4 e5 2. Nf3 d6 3. Bc4 Be7 4. d3 Nf6 5. Be3 Nc6 6. c3 O-O 7. Nbd2 a6 8.
a4 d5 9. Ba2 h6 10. O-O Be6 11. Qc2 d4 12. cxd4 Nb4 13. Qb1 Bxa2 14. Rxa2
exd4 15. Nxd4 Nxa2 16. Qxa2 Ng4 17. Qb3 Rb8 18. Nf5 Nxe3 19. fxe3 b5 20.
Qc3 f6 21. Nf3 c5 22. N3h4 Kh7 23. Qe1 Rg8 24. Qg3 g6 25. Nxe7 Qxe7 26.
Nxg6 Qf7 27. Ne5 Qc7 28. Ng4 Qxg3 29. Nxf6+ Kh8 30. hxg3 Rxg3 31. Kf2 Rg6
32. e5 bxa4 33. Rb1 Rb3 34. d4 a3 35. Kf3 cxd4 { White resigns } 0-1